Map: King Sejong Station LE

Players

Miszu - Winner!

  • Race: Terran Terran
  • League: Master

Zasa

  • Race: Protoss Protoss
  • League: Grandmaster

VOD

Have the link to the VOD?

Description

Time

  • Played on: June 28, 2016, 7:15 a.m.
  • Length: 6:49
Show
View Real Time Build Order
Export as new Build Order

Miszu Terran - Winner!

Build Orders: Reaper Expand 

Get SALT Encoding   

  12  0:00  SCV  
  13  0:13  SCV  
  14  0:18  Supply Depot  
  14  0:25  SCV  
  15  0:39  SCV  
  15  0:40  Barracks  
  16  0:46  Refinery  
  16  0:51  SCV  
  17  1:04  SCV  
  18  1:16  SCV  
  19  1:28  Orbital Command  
  19  1:29  Reaper  
  20  1:42  Command Center  
  20  1:52  Supply Depot  
  20  1:53  SCV  
  21  2:02  Barracks Reactor  
  21  2:06  SCV  
  22  2:09  Refinery  
  22  2:18  SCV  
  23  2:24  Factory  
  23  2:30  SCV  
  24  2:39  Marine x2  
  24  2:42  SCV  
  27  2:54  SCV  
  27  2:57  Marine x2  
  30  3:06  SCV  
  30  3:10  Starport  
  30  3:11  Factory Tech Lab  
  32  3:15  Marine x2, Orbital Command  
  32  3:18  SCV  
  34  3:31  SCV  
  34  3:32  Supply Depot  
  34  3:33  Marine x2, Widow Mine  
  39  3:43  SCV  
  39  3:47  Medivac  
  39  3:48  SCV  
  42  3:55  Supply Depot, SCV  
  43  3:59  Barracks x2  
  43  4:00  SCV  
  44  4:07  SCV  
  45  4:12  SCV  
  45  4:15  Liberator  
  46  4:19  SCV  
  46  4:23  Siege Tank  
  52  4:24  SCV  
  53  4:31  SCV  
  53  4:33  Supply Depot  
  53  4:36  SCV  
  53  4:37  Engineering Bay  
  56  4:40  Refinery  
  56  4:41  Refinery  
  56  4:43  SCV  
  57  4:48  SCV  
  55  5:01  Marine x2  
  55  5:02  Barracks Tech Lab  
  55  5:03  Barracks Tech Lab  
  55  5:04  SCV x2  
  57  5:10  Siege Tank  
  60  5:16  Starport Reactor, SCV x2  
  60  5:20  Marine x2  
  60  5:21  Marine  
  65  5:28  SCV  
  66  5:29  SCV  
  66  5:31  Barracks x2  
  66  5:32  Supply Depot, Marine  
  66  5:33  Supply Depot x2  
  68  5:45  Marine  
  68  5:47  SCV  
  70  5:54  Marine, SCV  
  70  5:56  Siege Tank  
  70  5:57  Medivac x2  
  77  6:00  Supply Depot  
  77  6:02  Missile Turret  
  77  6:03  Supply Depot  
  79  6:04  SCV  
  79  6:06  SCV  
  79  6:08  Marine x2  
  83  6:12  Marauder  
  83  6:17  Marine  
  87  6:19  Barracks Tech Lab  
  87  6:20  Barracks Reactor  
  86  6:25  Marine  
  98  6:40  Supply Depot x2  
Show
View Real Time Build Order
Export as new Build Order

Zasa Protoss 

Build Orders: Nexus First 

Get SALT Encoding   

  12  0:00  Probe (Chrono Boost)  
  13  0:11  Probe (Chrono Boost)  
  14  0:17  Pylon  
  14  0:22  Probe (Chrono Boost)  
  15  0:35  Probe (Chrono Boost)  
  16  0:46  Probe (Chrono Boost)  
  18  1:03  Nexus  
  18  1:09  Gateway  
  17  1:15  Probe (Chrono Boost)  
  17  1:18  Assimilator  
  18  1:23  Assimilator  
  18  1:26  Probe (Chrono Boost)  
  19  1:37  Probe (Chrono Boost)  
  20  1:49  Probe (Chrono Boost)  
  21  1:56  Cybernetics Core  
  21  1:57  Zealot (Chrono Boost)  
  21  2:00  Pylon  
  23  2:15  Probe (Chrono Boost)  
  24  2:16  Probe (Chrono Boost)  
  24  2:27  Probe (Chrono Boost)  
  24  2:29  Probe (Chrono Boost)  
  26  2:32  Stalker  
  26  2:33  Warp Gate  
  28  2:38  Probe (Chrono Boost)  
  28  2:39  Probe (Chrono Boost)  
  29  2:48  Probe (Chrono Boost)  
  30  2:55  Probe (Chrono Boost)  
  29  2:59  Probe (Chrono Boost)  
  29  3:07  Probe (Chrono Boost)  
  29  3:11  Probe (Chrono Boost)  
  31  3:15  Robotics Facility  
  31  3:18  Mothership Core (Chrono Boost)  
  33  3:23  Probe (Chrono Boost)  
  34  3:32  Gateway  
  34  3:33  Probe (Chrono Boost)  
  35  3:37  Probe (Chrono Boost)  
  36  3:44  Probe (Chrono Boost)  
  36  3:47  Probe (Chrono Boost)  
  38  3:52  Pylon  
  38  3:54  Probe (Chrono Boost)  
  39  3:56  Gateway  
  39  4:01  Probe (Chrono Boost)  
  40  4:05  Probe (Chrono Boost)  
  45  4:10  Probe (Chrono Boost)  
  45  4:16  Probe  
  47  4:20  Pylon  
  47  4:21  Probe  
  48  4:32  Observer (Chrono Boost), Probe  
  48  4:36  Probe  
  48  4:37  Pylon  
  47  4:41  Stalker  
  47  4:42  Stalker  
  51  4:52  Immortal (Chrono Boost), Probe  
  49  4:53  Mothership Core  
  48  5:02  Probe  
  49  5:07  Adept  
  49  5:08  Adept  
  49  5:11  Twilight Council  
  49  5:13  Forge  
  53  5:14  Probe  
  53  5:15  Probe  
  55  5:23  Sentry  
  55  5:26  Immortal (Chrono Boost), Probe  
  62  5:28  Probe  
  62  5:33  Pylon  
  62  5:44  Probe  
  62  5:49  Probe  
  58  5:57  Probe  
  58  6:11  Probe x2  
  64  6:14  Stalker x2  
  68  6:23  Probe  
  67  6:29  Stalker  
  67  6:31  Probe  
Tags
 
Add a new tag
Caveats
  • Supply blocks, unpowered buildings, or Contaminate may cause inaccurate times.
  • Supply counts are checked every 10 seconds.